 Dungeon Crawl Stone Soup version 0.29-a0-555-g3b24f45cc1 (webtiles) character file.

Game seed: 8414842787855586262

622 Pelinal the Conjurer (level 7, -5/50 HPs)
             Began as a White Draconian Conjurer on June 8, 2022.
             Killed from afar by Dowan (14 damage)
             ... with a shard of ice
             ... on level 4 of the Dungeon.
             The game lasted 00:08:51 (4681 turns).

Pelinal the Conjurer (White Draconian Conjurer)     Turns: 4681, Time: 00:08:52

Health: -5/50      AC:  8    Str:  9    XL:     7   Next: 22%
Magic:  9/13       EV: 12    Int: 21    God:
Gold:   270        SH:  0    Dex:  9    Spells: 8/14 levels left

rFire   . . .      SeeInvis .   f - +2 mace (protect)
rCold   + . .      Faith    .   (no shield)
rNeg    . . .      Spirit   .   (body armour unavailable)
rPois   .          Reflect  .   (helmet restricted)
rElec   .          Harm     .   y - +0 cloak
rCorr   .          Rampage  .   e - +0 pair of gloves
Will    +....                   (no boots)
Stlth   ++........              p - amulet of magic regeneration
HPRegen 0.16/turn               t - ring of willpower
MPRegen 0.53/turn               (no ring)

@: very slightly contaminated
A: breathe frost, AC +6, unfitting armour, cold resistance 1, cold-blooded
a: Breathe Frost


You were on level 4 of the Dungeon.
You visited 1 branch of the dungeon, and saw 4 of its levels.

You collected 270 gold pieces.

Inventory:

Hand Weapons
 f - a +2 mace of protection (weapon)
 x - a +3 quarterstaff of chaos
Missiles
 c - 137 stones
 l - 2 poisoned darts (quivered)
Armour
 e - a +0 pair of gloves (worn)
 y - a +0 cloak (worn)
Jewellery
 p - an amulet of magic regeneration (around neck)
 t - a ring of willpower (left hand)
 v - an amulet of regeneration
Wands
 m - a wand of flame (16)
Scrolls
 h - a scroll of immolation {unknown}
 n - a scroll of magic mapping {unknown}
 o - a scroll of blinking {unknown}
 q - a scroll of enchant weapon {unknown}
 s - 2 scrolls of teleportation
 u - a scroll of vulnerability {unknown}
 z - a scroll of fog {unknown}
 A - a scroll of identify
Potions
 b - a potion of attraction {unknown}
 d - a potion of mutation {unknown}
 g - a potion of brilliance
 i - a potion of resistance
 j - 2 potions of flight
 k - a potion of might
 r - a potion of cancellation {unknown}
 w - a potion of invisibility {unknown}


   Skills:
 - Level 1.7 Dodging
 - Level 1.7 Stealth
 + Level 4.2 Spellcasting
 + Level 7.1 Conjurations
 * Level 2.6 Hexes


You had 8 spell levels left.
You knew the following spells:

 Your Spells              Type           Power      Damage    Failure   Level
a - Magic Dart            Conj           100%       1d8       1%          1
b - Searing Ray           Conj           68%        2d6       1%          2
c - Dazzling Flash        Conj/Hex       48%        N/A       4%          3

Your spell library contained the following spells:

 Spells                   Type           Power      Damage    Failure   Level
 Tukima's Dance           Hex            15%        N/A       12%         3
 Fulminant Prism          Conj/Hex       12%        3d9       16%         4
 Portal Projectile        Hex/Tloc       18%        N/A       21%         3
 Iskenderun's Mystic Bla  Conj/Tloc      19%        2d6       26%         4
 Blade Hands              Tmut           2%         N/A       97%         5


Dungeon Overview and Level Annotations

Branches:
Dungeon (4/15)
 Temple: D:4-7

Altars:
Hepliaklqana
Beogh

Annotations:
D:1 2 runed translucent doors
D:4 Dowan


Innate Abilities, Weirdness & Mutations

You can breathe waves of freezing cold which knock back foes.
Your icy white scales are hard. (AC +6)
You cannot fit into any form of body armour.
Your flesh is cold resistant. (rC+)
You are cold-blooded and may be slowed by cold attacks.


Message History

You kill Duvessa!
Dowan seems overcome with grief.
Dowan seems to find hidden reserves of power!
Your Conjurations skill increases to level 7!
The searing ray hits Dowan.
Dowan is moderately wounded.
The searing ray hits Dowan.
Dowan is moderately wounded.
You finish channelling your searing ray.
Dowan points at you and mumbles some strange words.
The stone arrow hits you!
* * * LOW HITPOINT WARNING * * *
Unknown command.
Casting: Searing Ray (safe; 1% risk of failure)
Confirm with . or Enter, or press ? or * to list all spells.
Casting: Dazzling Flash (dangerous; 4% risk of failure)
Press: ? - help, Dir - look around, f - activate Dowan is dazzled.
Dowan hits you with a +0 dagger.
* * * LOW HITPOINT WARNING * * *
Unknown command.
Unknown command.
Unknown command.
Magic courses through your body. Dowan closely misses you. Dowan misses you.
Casting: Dazzling Flash (dangerous; 4% risk of failure)
Confirm with . or Enter, or press ? or * to list all spells.
Casting: Dazzling Flash (dangerous; 4% risk of failure)
Press: ? - help, Dir - look around, f - activate Dowan is dazzled.
Dowan misses you.
Unknown command.
Casting: Dazzling Flash (dangerous; 4% risk of failure)
Confirm with . or Enter, or press ? or * to list all spells.
Aiming: Searing Ray (safe; 1% risk of failure)
Press: ? - help, Shift-Dir - straight line, f - Dowan
Aim: Dowan, wielding a +0 dagger and wearing a +0 robe (moderately wounded, fast, blind, 73% to hit)
You miscast Searing Ray.
You are very lightly contaminated with residual magic.
Nothing appears to happen.
Dowan closely misses you. Dowan casts a spell at you.
The shard of ice hits you! You partially resist.
You die...

.# .#
...........###...##
.# .# #
.....###).## #.#.#
.# ## .... #)..#
#..... ...
#.#..###....# ..
#)##...#.##.# . #.#
##.# #.# ... #e# ..
#@# #..# ##.# ..
#[. ... .... #....


You could see Dowan (fast, blind).

Vanquished Creatures
  Grinder (D:4)
  Duvessa (D:4)
  A scorpion (D:3)
  A hound (D:4)
  Crazy Yiuf (D:3)
  Jessica (D:3)
  Natasha (D:2)
  4 gnolls
  5 adders
  A worm (D:2)
  6 dart slugs
  3 orcs (D:2)
  A ball python (D:1)
  6 bats
  6 endoplasms
  A giant cockroach (D:1)
  3 goblins
  4 hobgoblins
  2 jackals (D:2)
  A quokka (D:4)
  3 frilled lizards
  5 kobolds
  5 rats
63 creatures vanquished.

Notes
Turn   | Place    | Note
-------+----------+-------------------------------------------
     0 | D:1      | Pelinal the Draconian Conjurer began the quest for the Orb.
     0 | D:1      | Reached XP level 1. HP: 14/14 MP: 3/3
   596 | D:1      | Reached XP level 2. HP: 20/20 MP: 3/5
  1522 | D:1      | Reached XP level 3. HP: 26/26 MP: 3/6
  1668 | D:1      | Found a large runed translucent door.
  1668 | D:1      | Found a large runed translucent door.
  1717 | D:1      | Noticed an orc warrior
  2006 | D:2      | Reached skill level 5 in Conjurations
  2340 | D:2      | Found a hazy altar of Hepliaklqana.
  2555 | D:2      | Reached XP level 4. HP: 33/33 MP: 5/7
  2823 | D:2      | Found a faded altar of an unknown god.
  2962 | D:2      | Noticed Natasha
  2967 | D:2      | Killed Natasha
  3309 | D:2      | Learned a level 2 spell: Searing Ray
  3331 | D:3      | Noticed Jessica
  3337 | D:3      | Killed Jessica
  3338 | D:3      | Reached XP level 5. HP: 23/38 MP: 5/9
  3936 | D:3      | Found a runed translucent door.
  3937 | D:3      | Noticed Crazy Yiuf
  3971 | D:3      | Reached skill level 6 in Conjurations
  4346 | D:3      | Killed Crazy Yiuf
  4469 | D:4      | Noticed Dowan
  4469 | D:4      | Noticed Duvessa
  4534 | D:4      | Reached XP level 6. HP: 41/45 MP: 7/11
  4561 | D:4      | Learned a level 3 spell: Dazzling Flash
  4589 | D:4      | Noticed Grinder
  4605 | D:4      | Paralysed by Grinder for 4 turns
  4609 | D:4      | Killed Grinder
  4610 | D:4      | Your scales start taking on an icy white colour.
  4610 | D:4      | Reached XP level 7. HP: 20/50 MP: 6/13
  4610 | D:4      | Gained mutation: Your flesh is cold resistant. (rC+) [White
                  | Draconian growth]
  4675 | D:4      | Killed Duvessa
  4676 | D:4      | Reached skill level 7 in Conjurations
  4681 | D:4      | Killed from afar by Dowan

Illustrated notes

Levels and vault maps discovered:
D:1:      erik_arrival_cave_to_civilisation [erik_arrival_cave_to_temple],
          layout_basic
D:2:      layout_loops_corners, basic_altar,
          hellmonk_ecumenical_altar_defaced_shrine, nrook_mini_backslash,
          uniq_natasha
D:3:      layout_basic, uniq_jessica, uniq_crazy_yiuf_cottage
D:4:      layout_rooms, gammafunk_temple_overflow_wave, uniq_duvessa,
          uniq_grinder

Skill      XL: |  1  2  3  4  5  6  7 |
---------------+----------------------+-----
Conjurations   | 5 6 7 |  7.1
Spellcasting   | 3 4 |  4.2
Hexes          | 2 |  2.6
Dodging        | |  1.7
Stealth        | |  1.7

Action                   |  1- 3 |  4- 6 |  7- 9 || total
-------------------------+-------+-------+-------++-------
Melee: Mace              |    15 |    10 |       ||    25
       Club              |     4 |       |       ||     4
       Punch             |     2 |       |       ||     2
       Tailslap          |     2 |     1 |       ||     3
Throw: Stone             |     1 |       |       ||     1
       Dart              |     4 |       |       ||     4
 Cast: Magic Dart        |    58 |    53 |     1 ||   112
       Searing Ray       |       |     8 |     2 ||    10
       Dazzling Flash    |       |     1 |     3 ||     4
Evoke: Wand              |       |     1 |     1 ||     2
  Use: Scroll            |     1 |     4 |       ||     5
       Potion            |       |     1 |     1 ||     2
Armor: Skin              |    10 |     8 |     1 ||    19
Dodge: Dodged            |    12 |    11 |     7 ||    30

Table legend: (Time is in decaauts)
 A = Elapsed time spent in this place.
 B = Non-inter-level travel time spent in this place.
 C = Inter-level travel time spent in this place.
 D = Time resting spent in this place.
 E = Time spent auto-exploring this place.
 F = Levels seen in this place.
 G = Mean time per level.
                   A        B        C        D        E       F      G
               +--------+--------+--------+--------+--------+-----+--------+
         Total |   4700 |   4418 |    282 |    896 |   2916 |   4 | 1175.0 |
       Dungeon |   4700 |   4418 |    282 |    896 |   2916 |   4 | 1175.0 |
               +--------+--------+--------+--------+--------+-----+--------+

Top non-repeatable levels by time:
     D:1: 1842 daAuts
     D:2: 1439 daAuts
     D:3: 1180 daAuts
     D:4: 238 daAuts
